 Dungeon Crawl Stone Soup version 0.29-a0-772-ga24da20 (webtiles) character file.

Game seed: 7282323724184644947

152337 PurpleRed the Sorcerer (level 16, -11/87 (88) HPs)
             Began as a Deep Elf Brigand on July 1, 2022.
             Was the Champion of Vehumet.
             Mangled by a pharaoh ant (24 damage)
             ... on level 1 of the Spider Nest on July 2, 2022.
             The game lasted 03:03:05 (11950 turns).

PurpleRed the Sorcerer (Deep Elf Brigand)          Turns: 11950, Time: 03:03:05

HP:   -11/87 (88)   AC: 13    Str:  7 (8)  XL:     16   Next: 73%
MP:   4/52          EV: 15    Int: 36 (37) God:    Vehumet [******]
Gold: 1332          SH:  0    Dex: 18 (19) Spells: 14/58 levels left

rFire   . . .      SeeInvis .   b - staff of conjuration
rCold   + . .      Faith    .   (no shield)
rNeg    + . .      Spirit   .   Y - +1 robe of the Thinker {Int+4}
rPois   +          Reflect  .   h - +2 helmet of the Rose {*Slow rElec Will++ Regen+}
rElec   +          Harm     .   B - +1 cloak {rPois}
rCorr   .          Rampage  .   W - +0 pair of gloves {Stlth+}
Will    +++..                   z - +3 pair of boots "Ossostug" {rC+ rN+ Int+2}
Stlth   ++++++....              j - amulet of magic regeneration
HPRegen 1.04/turn               N - +6 ring of intelligence
MPRegen 0.73/turn               v - ring "Lercheybo" {rElec MP+9 Dex+3}

@: studying Staves, lightly drained, unable to drink
A: no striking features
}: 1/15 runes: decaying
a: Renounce Religion


You were on level 1 of the Spider Nest.
You worshipped Vehumet.
Vehumet was exalted by your worship.
You visited 7 branches of the dungeon, and saw 26 of its levels.
You also visited: Gauntlet.

You collected 3555 gold pieces.
You spent 2223 gold pieces at shops.

Inventory:

Hand Weapons
 a - the +5 dagger "Jass" {vorpal, Str+5}
   (You found it on level 4 of the Dungeon)

   It inflicts extra damage upon your enemies.
   Str:       It affects your strength (+5).
 c - the +9 staff of Olgreb {rPois∞}
   (You found it on level 8 of the Dungeon)

   If the wielder is skilled in Evocations, they can envenom those struck by it,
   dealing poison damage which bypasses armour.
   It enhances your poison magic.
   It grants immunity to poison.
   It can be activated via the 'a'bility menu to radiate toxic energy, with
   effectiveness depending on Evocations skill.
 o - the +8 sling of the Puffin {flame, Will+ Dex+5}
   (You found it on level 4 of the Swamp)

   Any ammunition fired from it burns those it strikes, dealing additional fire
   damage.
   Dex:       It affects your dexterity (+5).
   Will:      It increases your willpower.
Missiles
 e - 13 curare-tipped darts (quivered)
Armour
 h - the +2 helmet of the Rose (worn) {*Slow rElec Will++ Regen+}
   (You bought it in a shop on level 6 of the Dungeon)

   rElec:     It insulates you from electricity.
   Regen:     It increases your rate of health regeneration.
   *Slow:     It may slow you when you take damage.
   Will:      It greatly increases your willpower.
 s - a +0 robe of positive energy
 z - the +3 pair of boots "Ossostug" (worn) {rC+ rN+ Int+2}
   (You found it on level 4 of the Dungeon)

   Int:       It affects your intelligence (+2).
   rC:        It protects you from cold.
   rN:        It protects you from negative energy.
 B - a +1 cloak of poison resistance (worn)
 F - a +2 robe of resistance
 M - a +0 pair of gloves of strength
 Q - a +0 troll leather armour
 V - the +0 ring mail "Baiklec" {rPois Str-5 Slay+3 Stlth+}
   (You found it on level 6 of the Dungeon)

   Str:       It affects your strength (-5).
   Slay:      It affects your accuracy & damage with ranged weapons and melee
   (+3).
   rPois:     It protects you from poison.
   Stlth:     It makes you more stealthy.
 W - a +0 pair of gloves of stealth (worn)
 Y - the +1 robe of the Thinker (worn) {Int+4}
   (You took it off a deep elf annihilator on level 3 of the Elven Halls)

   Int:       It affects your intelligence (+4).
Magical Staves
 b - a staff of conjuration (weapon)
 X - a staff of fire
Jewellery
 f - a ring of flight
 g - the ring of Ukaryazo {rF+ AC+4 Str+3 Dex-2}
   (You acquired it on level 2 of the Lair of Beasts)

   [ring of protection]

   AC:        It affects your AC (+4).
   Str:       It affects your strength (+3).
   Dex:       It affects your dexterity (-2).
   rF:        It protects you from fire.
 i - an amulet of reflection
 j - an amulet of magic regeneration (around neck)
 v - the ring "Lercheybo" (right hand) {rElec MP+9 Dex+3}
   (You took it off a deep elf annihilator on level 3 of the Elven Halls)

   [ring of magical power]

   Dex:       It affects your dexterity (+3).
   rElec:     It insulates you from electricity.
   MP:        It affects your magic capacity (+9).
 N - a +6 ring of intelligence (left hand)
 P - a ring of protection from cold
 S - the ring "Tajiergh" {rC+ rCorr Str+3 Dex-3}
   (You found it on level 3 of the Elven Halls)

   [ring of resist corrosion]

   Str:       It affects your strength (+3).
   Dex:       It affects your dexterity (-3).
   rC:        It protects you from cold.
   rCorr:     It protects you from acid and corrosion.
 T - the ring "Neerph" {rF+ Will+}
   (You took it off a deep elf annihilator on level 3 of the Elven Halls)

   [ring of willpower]

   rF:        It protects you from fire.
   Will:      It increases your willpower.
Wands
 d - a wand of mindburst (18)
 n - a wand of charming (12)
 K - a wand of flame (12)
 U - a wand of digging (4)
Scrolls
 m - 2 scrolls of amnesia
 q - 3 scrolls of identify
 x - 4 scrolls of fear
 y - 4 scrolls of fog
 A - a scroll of blinking
 C - 12 scrolls of teleportation
 E - 3 scrolls of immolation
 J - a scroll of summoning
 L - 5 scrolls of poison
 Z - a scroll of vulnerability
Potions
 k - 2 potions of flight
 l - 3 potions of might
 r - 8 potions of curing
 t - 2 potions of magic
 w - 8 potions of heal wounds
 D - 2 potions of haste
 G - 2 potions of cancellation
 H - a potion of resistance
 I - 3 potions of ambrosia
 O - 5 potions of brilliance
 R - 3 potions of mutation
Miscellaneous
 u - a lightning rod (3/4)


   Skills:
 - Level 6.0 Fighting
 - Level 4.0 Short Blades
 - Level 2.0 Throwing
 - Level 3.0 Armour
 - Level 6.2 Dodging
 - Level 10.0 Stealth
 + Level 21.9 Spellcasting
 + Level 16.1 Conjurations
 - Level 3.0 Hexes
 - Level 3.0 Necromancy
 - Level 2.0 Translocations
 + Level 14.5 Fire Magic
 - Level 10.0 Ice Magic
 - Level 3.0 Air Magic
 - Level 4.0 Earth Magic


You had 14 spell levels left.
You knew the following spells:

 Your Spells              Type           Power      Damage    Failure   Level
a - Ensorcelled Hibernat  Hex/Ice        100%       N/A       1%          2
b - Iskenderun's Mystic   Conj/Tloc      100%       2d19      1%          4
c - Frozen Ramparts       Ice            100%       1d12      1%          3
d - Freeze                Ice            100%       1d11      0%          1
e - Hailstorm             Conj/Ice       100%       3d20      1%          4
f - Fireball              Conj/Fire      61%        3d23      1%          5
g - Starburst             Conj/Fire      61%        6d16      1%          6
h - Conjure Ball Lightni  Conj/Air       52%        3x3d18    1%          6
i - Conjure Flame         Conj/Fire      100%       6-21      0%          3
j - Sandblast             Erth           100%       2d20      1%          1
k - Ozocubu's Refrigerat  Ice            42%        4d13      2%          7
x - Sublimation of Blood  Necr           57%        N/A       1%          2

Your spell library contained the following spells:

 Spells                   Type           Power      Damage    Failure   Level
 Spellforged Servitor     Conj/Summ      49%        N/A       6%          7
 Shock                    Conj/Air       100%       1d9       0%          1
 Searing Ray              Conj           100%       2d8       0%          2
 Necrotize                Necr           100%       1d9       1%          1
 Blink                    Tloc           100%       N/A       1%          2
 Ozocubu's Armour         Ice            84%        N/A       1%          3
 Portal Projectile        Hex/Tloc       100%       N/A       1%          3
 Tukima's Dance           Hex            57%        N/A       1%          3
 Vampiric Draining        Necr           57%        2d10      1%          3
 Dispel Undead            Necr           57%        3d20      1%          4
 Fulminant Prism          Conj/Hex       52%        3d23      1%          4
 Ice Form                 Ice/Tmut       66%        N/A       1%          4
 Olgreb's Toxic Radiance  Pois           39%        N/A       1%          4
 Summon Ice Beast         Ice/Summ       66%        N/A       1%          4
 Freezing Cloud           Conj/Ice/Air   52%        6-21      1%          5
 Iskenderun's Battlesphe  Conj           100%       2d15      1%          5
 Orb of Destruction       Conj           62%        9d15      1%          7
 Corpse Rot               Necr/Pois/Air  52%        N/A       3%          4
 Passage of Golubria      Tloc           52%        N/A       3%          4
 Yara's Violent Unravell  Hex/Tmut       25%        3d11      3%          5
 Agony                    Necr           57%        N/A       5%          5
 Simulacrum               Ice/Necr       36%        N/A       8%          6
 Manifold Assault         Tloc           52%        N/A       9%          5
 Summon Mana Viper        Hex/Summ       50%        N/A       11%         5
 Blade Hands              Tmut           19%        N/A       19%         5
 Death Channel            Necr           28%        N/A       30%         6
 Polar Vortex             Ice            42%        N/A       94%         9
 Storm Form               Tmut/Air       25%        N/A       97%         7
 Monstrous Menagerie      Summ           19%        N/A       99%         7
 Shatter                  Erth           31%        3d25*     100%        9


Dungeon Overview and Level Annotations

Branches:
Dungeon (9/15)             Temple (1/1) D:4            Lair (6/6) D:9
  Swamp (4/4) Lair:2       Spider (1/4) Lair:3        Slime (0/5) Lair:6
    Orc (2/2) D:9             Elf (3/3) Orc:2       Gauntlet (visited)

Altars:
Ashenzari
Cheibriados
Dithmenos
Fedhas
Gozag
Kikubaaqudgha
Makhleb
Nemelex Xobeh
Okawaru
Qazlal
Ru
Sif Muna
Trog
Uskayaw
Vehumet
Wu Jian
Xom
Yredelemnul
Zin
The Shining One
Beogh

Shops:
D:2 :   D:6 [[   Orc:2 !:=(   Elf:1 ==[   Elf:3 :

Annotations:
D:8 1 runed translucent door
Lair:6 exclusion: obsidian statue


Message History

Something hits you.
* * * LOW HITPOINT WARNING * * *
You feel weakened. Something stings you.
* * * LOW HITPOINT WARNING * * *
Blink to where?
Press: ? - help, Dir - move target
As you read the scroll of blinking, it crumbles to dust.
Your surroundings suddenly seem different.
A tarantella comes into view.
A culicivora comes into view.
Press: ? - help, v - describe, . - travel
Here: a tarantella (wandering, hasn't noticed you)
The floor.
Press: ? - help, v - describe, . - travel
Here: a culicivora (wandering, hasn't noticed you)
The floor.
As you read the scroll of fear, it crumbles to dust.
You assume a fearsome visage.
The tarantella looks frightened!
The tarantella's many legs skitter faintly.
The culicivora looks frightened!
The culicivora's many legs skitter faintly.
A pharaoh ant comes into view.
Press: ? - help, v - describe, . - travel The floor.
As you read the scroll of fear, it crumbles to dust.
You assume a fearsome visage.
The pharaoh ant is unaffected.
The pharaoh ant bites you.
* * * LOW HITPOINT WARNING * * *
You partially resist.
You feel drained.
Press: ? - help, v - describe, . - travel
Here: a pharaoh ant The floor.
Okay, then.
Okay, then.
Unknown command.
The pharaoh ant attacks as you move away!
The pharaoh ant bites you but does no damage.
The pharaoh ant attacks as you move away!
The pharaoh ant misses you. The pharaoh ant bites you!!
You die...

# #. #s.
#####
#..#...#
#...@B.#
###.##...#
## ##.##
##


You could see a pharaoh ant and a tarantella (fleeing).

Vanquished Creatures
  Saint Roka (Orc:2)
  A tentacled monstrosity (Swamp:3)
  A deep elf blademaster (Elf:3)
  2 deep elf master archers (Elf:3)
  Gastronok (Lair:3)
  Donald (Swamp:1)
  6 deep elf sorcerers (Elf:3)
  Louise (Spider:1)
  7 deep elf elementalists (Elf:3)
  3 deep elf demonologists (Elf:3)
  2 eleionomae
  4 bunyips
  7 deep elf annihilators (Elf:3)
  A minotaur (Gauntlet)
  4 deep elf death magi (Elf:3)
  A shambling mangrove (Swamp:3)
  11 deep elf high priests
  18 hydras
  Erolcha (Orc:2)
  An ogre mage (Orc:2)
  A dancing weapon (Elf:3)
  Erica (D:8)
  5 alligators
  A jorogumo (Spider:1)
  3 death yaks (Lair:6)
  An orc high priest (Orc:2)
  3 deep troll earth magi (Elf:3)
  9 deep elf knights
  Nergalle (Orc:2)
  2 spectral death yaks (Lair:6)
  2 goliath frogs (Swamp:1)
  2 deep trolls (Elf:3)
  A steelbarb worm (Spider:1)
  6 swamp dragons
  7 spriggan druids
  6 bog bodies
  3 deep elf archers (Elf:3)
  3 necromancers (Lair:6)
  9 deep elf zephyrmancers
  10 orc sorcerers
  15 deep elf pyromancers
  An orc knight (Orc:1)
  A moth of wrath (Swamp:4)
  A will-o-the-wisp (Swamp:2)
  A worldbinder (Gauntlet)
  9 elephants (Lair:6)
  4 black mambas
  2 torpor snails
  10 cane toads
  2 rime drakes
  6 komodo dragons
  3 trolls
  3 polar bears
  A bloated husk (Swamp:2)
  14 hornets
  3 tyrant leeches
  A slime creature (shapeshifter) (Elf:1)
  A slime creature (D:7)
  8 blink frogs
  21 yaks
  13 spriggans
  2 shadows
  2 water elementals (Elf:3)
  An air elemental (Elf:3)
  7 wyverns
  6 basilisks
  A fire elemental (Lair:6)
  A steam dragon (D:7)
  4 redbacks
  A death yak simulacrum (Lair:6)
  An acid dragon (D:5)
  A warg (Orc:1)
  12 swamp worms
  12 water moccasins
  Duvessa (D:6)
  8 swamp drakes
  13 orc warriors
  An ice beast (D:7)
  2 black bears
  5 sky beasts
  7 wolves
  9 ogres
  2 boggarts (Gauntlet)
  A centaur (D:8)
  An elephant skeleton (Lair:6)
  A phantom (D:5)
  14 bullfrogs
  A necrophage (D:4)
  2 gnoll sergeants
  An earth elemental (Elf:1)
  8 scorpions
  A wight (D:8)
  Dowan (D:6)
  An elephant simulacrum (Lair:6)
  10 killer bees (D:8)
  2 electric eels (Lair:4)
  4 howler monkeys
  6 hounds
  15 orc priests
  A bouda (D:8)
  4 jellies
  6 iguanas
  25 orc wizards
  Ijyb (D:3)
  5 hell rats (Lair:4)
  15 gnolls
  15 adders
  A white imp (D:7)
  An ufetubus (D:6)
  2 worms
  5 dart slugs
  72 orcs
  4 bats
  7 endoplasms
  4 giant cockroaches
  A goblin (D:1)
  8 hobgoblins
  4 jackals (D:5)
  2 quokkas
  8 ball pythons
  2 frilled lizards
  8 kobolds
  5 rats
644 creatures vanquished.

Vanquished Creatures (collateral kills)
  A black mamba (Lair:6)
  4 yaks (Lair:6)
  2 wights (D:8)
7 creatures vanquished.

Vanquished Creatures (others)
  A deep elf pyromancer (Elf:1)
  A dire elephant zombie (Lair:6)
  A wight (D:8)
  41 ball lightnings
  4 foxfires (Swamp:2)
  28 fungi
  53 plants
  22 withered plants (Lair:6)
151 creatures vanquished.

Grand Total: 802 creatures vanquished

Notes
Turn   | Place    | Note
-------+----------+-------------------------------------------
     0 | D:1      | PurpleRed the Deep Elf Brigand began the quest for the Orb.
     0 | D:1      | Reached XP level 1. HP: 12/12 MP: 3/3
   112 | D:1      | Reached skill level 1 in Spellcasting
   143 | D:1      | Reached XP level 2. HP: 17/17 MP: 5/5
   368 | D:2      | Found Miugutok's Book Boutique.
   410 | D:2      | Reached skill level 2 in Spellcasting
   465 | D:2      | Reached XP level 3. HP: 9/21 MP: 8/8
   494 | D:2      | Found a faded altar of an unknown god.
   586 | D:2      | Found a shadowy altar of Dithmenos.
   762 | D:3      | Found a burning altar of Makhleb.
   862 | D:3      | Reached skill level 3 in Spellcasting
   917 | D:3      | Reached XP level 4. HP: 16/26 MP: 10/10
  1177 | D:5      | Entered Level 5 of the Dungeon
  1242 | D:5      | Found a sparkling altar of Nemelex Xobeh.
  1242 | D:5      | Found a glowing silver altar of Zin.
  1243 | D:5      | Found a broken altar of Ashenzari.
  1246 | D:5      | Noticed a scorpion
  1254 | D:5      | Killed a scorpion
  1255 | D:5      | Reached skill level 4 in Spellcasting
  1255 | D:5      | Reached XP level 5. HP: 30/30 MP: 12/14
  1312 | D:4      | Reached skill level 5 in Spellcasting
  1385 | D:4      | Reached skill level 6 in Spellcasting
  1438 | D:4      | Identified the +3 pair of boots "Ossostug" {rC+ rN+ Int+2}
  1468 | D:4      | Reached XP level 6. HP: 35/35 MP: 17/17
  1506 | D:4      | Identified the +5 dagger "Jass" {vorpal, Str+5}
  1617 | D:3      | Noticed Ijyb
  1622 | D:3      | Killed Ijyb
  1842 | D:2      | Bought The Foundations of Rites and Rhymes for 180 gold
                  | pieces
  1845 | D:2      | Learned a level 2 spell: Ensorcelled Hibernation
  1970 | D:4      | Reached skill level 1 in Hexes
  1970 | D:4      | Reached skill level 1 in Ice Magic
  2145 | D:4      | Found a staircase to the Ecumenical Temple.
  2149 | Temple   | Entered the Ecumenical Temple
  2170 | Temple   | Became a worshipper of Vehumet
  2209 | D:4      | Reached XP level 7. HP: 34/40 MP: 13/19
  2370 | D:5      | Reached skill level 5 in Stealth
  2387 | D:5      | Reached skill level 7 in Spellcasting
  2445 | D:6      | Noticed Dowan
  2457 | D:6      | Killed Dowan
  2471 | D:6      | Noticed Duvessa
  2484 | D:6      | Killed Duvessa
  2522 | D:6      | Reached XP level 8. HP: 16/45 MP: 7/21
  2575 | D:6      | Reached * piety under Vehumet
  2575 | D:6      | Offered knowledge of Foxfire by Vehumet.
  2859 | D:5      | Found an iron altar of Okawaru.
  2922 | D:5      | Reached skill level 8 in Spellcasting
  2980 | D:6      | Found Taonuicio's Armour Shop.
  3012 | D:6      | Reached ** piety under Vehumet
  3031 | D:6      | Offered knowledge of Sandblast by Vehumet.
  3078 | D:7      | Reached skill level 5 in Ice Magic
  3172 | D:7      | Learned a level 1 spell: Sandblast
  3227 | D:7      | Reached XP level 9. HP: 22/52 MP: 11/23
  3263 | D:7      | Reached skill level 9 in Spellcasting
  3338 | D:7      | Noticed a seven-headed hydra
  3365 | D:8      | Identified a scroll of acquirement
  3365 | D:8      | Acquired 684 gold pieces
  3385 | D:6      | Bought the +2 helmet of the Rose {*Slow rElec Will++
                  | Regen+} for 375 gold pieces
  3570 | D:2      | Bought a book of Frost for 220 gold pieces
  3807 | D:6      | Identified the +0 ring mail "Baiklec" {rPois Str-5 Slay+3
                  | Stlth+}
  3915 | D:6      | Found Nuseitw Efiu's Armour Emporium.
  3976 | D:6      | Reached skill level 10 in Spellcasting
  3980 | D:6      | Offered knowledge of Poisonous Vapours by Vehumet.
  3990 | D:6      | Bought a +0 pair of gloves of stealth for 138 gold pieces
  4074 | D:7      | Learned a level 1 spell: Freeze
  4078 | D:7      | Learned a level 3 spell: Frozen Ramparts
  4083 | D:7      | Found an ornate altar of the Wu Jian Council.
  4267 | D:8      | Reached *** piety under Vehumet
  4345 | D:8      | Noticed Erica
  4422 | D:8      | Killed Erica
  4423 | D:8      | Reached skill level 10 in Stealth
  4423 | D:8      | Reached skill level 11 in Spellcasting
  4423 | D:8      | Reached XP level 10. HP: 49/56 MP: 24/27
  4569 | D:8      | Found the +9 staff of Olgreb {rPois∞}
  4572 | D:8      | Found a runed translucent door.
  4593 | D:8      | Found a runed translucent gate.
  4593 | D:8      | Found a runed translucent gate.
  4594 | D:8      | Found a runed translucent door.
  4604 | D:8      | Found a runed translucent gate.
  4629 | D:8      | Reached skill level 12 in Spellcasting
  4633 | D:8      | Offered knowledge of Ignite Poison by Vehumet.
  4651 | D:8      | Reached skill level 13 in Spellcasting
  4840 | D:8      | Reached **** piety under Vehumet
  4876 | D:8      | Offered knowledge of Conjure Flame by Vehumet.
  4877 | D:8      | Reached skill level 14 in Spellcasting
  4989 | D:9      | Reached skill level 15 in Spellcasting
  5000 | D:9      | Learned a level 4 spell: Hailstorm
  5083 | D:9      | Reached skill level 1 in Conjurations
  5087 | D:9      | Reached skill level 1 in Earth Magic
  5090 | D:9      | Found a staircase to the Lair.
  5152 | Lair:1   | Entered Level 1 of the Lair of Beasts
  5161 | Lair:1   | Noticed a cane toad
  5197 | Lair:1   | Killed a cane toad
  5203 | Lair:2   | Noticed a black mamba
  5209 | Lair:2   | Noticed a five-headed hydra
  5212 | Lair:2   | Killed a black mamba
  5221 | Lair:1   | Reached XP level 11. HP: 61/61 MP: 29/32
  5269 | Lair:2   | Found a staircase to the Swamp.
  5270 | Lair:2   | Noticed a seven-headed hydra
  5273 | Lair:2   | Killed a five-headed hydra
  5274 | Lair:2   | Reached skill level 5 in Dodging
  5457 | Lair:2   | Acquired the ring of Ukaryazo {rF+ AC+4 Str+3 Dex-2}
  5516 | Lair:2   | Reached skill level 5 in Conjurations
  5553 | Lair:2   | Killed a seven-headed hydra
  5783 | Lair:4   | Noticed a four-headed hydra
  5832 | Lair:4   | Learned a level 2 spell: Sublimation of Blood
  5836 | Lair:4   | Learned a level 3 spell: Conjure Flame
  5908 | Lair:4   | Killed a four-headed hydra
  5909 | Lair:4   | Reached skill level 1 in Armour
  5909 | Lair:4   | Reached skill level 16 in Spellcasting
  6055 | Lair:4   | Reached ***** piety under Vehumet
  6143 | Lair:4   | Offered knowledge of Iskenderun's Mystic Blast by Vehumet.
  6149 | Lair:4   | Learned a level 4 spell: Iskenderun's Mystic Blast
  6181 | Lair:3   | Reached XP level 12. HP: 66/66 MP: 34/34
  6190 | Lair:3   | Noticed Gastronok
  6202 | Lair:3   | Killed Gastronok
  6203 | Lair:3   | Reached skill level 1 in Necromancy
  6203 | Lair:3   | Reached skill level 1 in Translocations
  6208 | Lair:3   | Found a hole to the Spider Nest.
  6543 | Lair:6   | Entered Level 6 of the Lair of Beasts
  6596 | Lair:6   | Noticed a dire elephant
  6596 | Lair:6   | Noticed a dire elephant
  6596 | Lair:6   | Noticed a death yak
  6620 | Lair:6   | Killed a death yak
  6636 | Lair:6   | Reached skill level 17 in Spellcasting
  6638 | Lair:6   | Reached skill level 10 in Conjurations
  6711 | Lair:6   | Found a staircase to the Slime Pits.
  6792 | Lair:6   | Reached skill level 18 in Spellcasting
  6849 | Lair:6   | Found a gate leading to a gauntlet.
  6874 | Gauntlet | Entered a Gauntlet
  6874 | Gauntlet | Found a transporter.
  6878 | Gauntlet | Found a transporter.
  6892 | Gauntlet | Found a transporter.
  6907 | Gauntlet | Found a transporter.
  6909 | Gauntlet | Found a transporter.
  6914 | Gauntlet | Noticed a death yak
  6915 | Gauntlet | Noticed a death yak
  6915 | Gauntlet | Noticed a death yak
  6924 | Gauntlet | Found a transporter.
  6933 | Gauntlet | Found a runed translucent door.
  6935 | Gauntlet | Found a transporter.
  6937 | Gauntlet | Found a runed translucent door.
  6938 | Gauntlet | Noticed a reaper
  6945 | Gauntlet | Found a transporter.
  6952 | Gauntlet | Found a transporter.
  6952 | Gauntlet | Found a transporter.
  6968 | Gauntlet | Found a transporter.
  6982 | Gauntlet | Found a transporter.
  6984 | Gauntlet | Noticed a death scarab
  6991 | Gauntlet | Found a transporter.
  6994 | Gauntlet | Found a transporter.
  7259 | Gauntlet | Identified the amulet of Divine Intervention {Spirit
                  | Will+++ rCorr Int-3 Dex+3}
  7259 | Gauntlet | Noticed a minotaur
  7288 | Gauntlet | Killed a minotaur
  7383 | Lair:6   | Reached skill level 19 in Spellcasting
  7420 | Lair:6   | Reached XP level 13. HP: 70/70 MP: 35/38
  7668 | Lair:6   | Reached skill level 1 in Fire Magic
  7729 | Lair:6   | Reached skill level 20 in Spellcasting
  8012 | D:9      | Found a staircase to the Orcish Mines.
  8056 | D:9      | Offered knowledge of Conjure Ball Lightning by Vehumet.
  8074 | Orc:1    | Entered Level 1 of the Orcish Mines
  8194 | Orc:2    | Entered Level 2 of the Orcish Mines
  8198 | Orc:2    | Found a staircase to the Elven Halls.
  8336 | Orc:1    | Reached skill level 5 in Fire Magic
  8455 | Orc:2    | Noticed Saint Roka
  8477 | Orc:2    | Learned a level 6 spell: Conjure Ball Lightning
  8553 | Orc:2    | Killed Saint Roka
  8554 | Orc:2    | Reached skill level 1 in Air Magic
  8828 | Orc:2    | Found Rigiem's Antique Weapon Boutique.
  8849 | Orc:2    | Found Kameotsui's Jewellery Shop.
  8876 | Orc:2    | Found an ancient bone altar of Kikubaaqudgha.
  8877 | Orc:2    | Noticed Nergalle
  8907 | Orc:2    | Found a radiant altar of Vehumet.
  8908 | Orc:2    | Noticed Erolcha
  8920 | Orc:2    | Killed Erolcha
  8947 | Orc:2    | Found Jiag We Pash's Book Shop.
  9010 | Orc:2    | Bought Ozocubu's Autobiography for 384 gold pieces
  9010 | Orc:2    | Bought the Compendium of Poisonous Confrontation for 576
                  | gold pieces
  9027 | Orc:2    | Learned a level 5 spell: Fireball
  9034 | Orc:2    | Learned a level 6 spell: Starburst
  9042 | Orc:2    | Learned a level 7 spell: Ozocubu's Refrigeration
  9067 | Orc:2    | Killed Nergalle
  9088 | Orc:2    | Reached XP level 14. HP: 76/76 MP: 26/40
  9102 | Orc:2    | Found Ommayco's Distillery.
  9111 | Orc:2    | Bought a potion of brilliance for 56 gold pieces
  9111 | Orc:2    | Bought a potion of heal wounds for 70 gold pieces
  9111 | Orc:2    | Bought a potion of curing for 42 gold pieces
  9111 | Orc:2    | Bought 2 potions of heal wounds for 140 gold pieces
  9111 | Orc:2    | Bought a potion of curing for 42 gold pieces
  9242 | Elf:1    | Entered Level 1 of the Elven Halls
  9361 | Elf:1    | Reached ****** piety under Vehumet
  9512 | Elf:1    | Found Niczat's Jewellery Boutique.
  9513 | Elf:1    | Found Vioroos's Book Emporium.
  9514 | Elf:1    | Found Leib Ykarph's Jewellery Boutique.
  9620 | Elf:2    | Found a radiant altar of Vehumet.
  9720 | Elf:2    | Reached skill level 10 in Ice Magic
  9740 | Elf:1    | Found Lahig's Armour Shoppe.
  9758 | Elf:3    | Entered Level 3 of the Elven Halls
 10014 | Elf:3    | Paralysed by an air elemental for 1 turns
 10017 | Elf:3    | Noticed a deep elf elementalist
 10020 | Elf:3    | Killed a deep elf elementalist
 10022 | Elf:3    | Noticed a deep elf sorcerer
 10023 | Elf:3    | Noticed a deep elf blademaster
 10023 | Elf:3    | Noticed a deep elf sorcerer
 10024 | Elf:3    | Noticed a deep elf elementalist
 10025 | Elf:3    | Killed a deep elf sorcerer
 10025 | Elf:3    | Noticed a deep elf sorcerer
 10026 | Elf:3    | Noticed a deep elf sorcerer
 10042 | Elf:3    | Killed a deep elf blademaster
 10051 | Elf:3    | Killed a deep elf sorcerer
 10064 | Elf:3    | Killed a deep elf elementalist
 10067 | Elf:3    | Killed a deep elf sorcerer
 10068 | Elf:3    | Reached skill level 10 in Fire Magic
 10096 | Elf:3    | Noticed a deep elf elementalist
 10099 | Elf:3    | Killed a deep elf elementalist
 10130 | Elf:3    | Noticed a deep elf sorcerer
 10133 | Elf:3    | Killed a deep elf sorcerer
 10139 | Elf:3    | Reached XP level 15. HP: 44/80 MP: 16/41
 10194 | Elf:3    | Noticed a deep elf sorcerer
 10201 | Elf:3    | Offered knowledge of Iskenderun's Battlesphere by Vehumet.
 10215 | Elf:3    | Killed a deep elf sorcerer
 10303 | Elf:3    | Noticed a deep elf master archer
 10305 | Elf:3    | Noticed a deep elf master archer
 10306 | Elf:3    | Killed a deep elf master archer
 10307 | Elf:3    | Killed a deep elf master archer
 10307 | Elf:3    | Identified the ring "Neerph" {rF+ Will+}
 10394 | Elf:3    | Killed a deep elf sorcerer
 10480 | Elf:3    | Identified the ring "Lercheybo" {rElec MP+9 Dex+3}
 10480 | Elf:3    | Identified the +1 robe of the Thinker {Int+4}
 10631 | Elf:3    | Got the Grimoire of the Cockatrice
 10640 | Elf:3    | Identified the ring "Tajiergh" {rC+ rCorr Str+3 Dex-3}
 10680 | Elf:3    | Identified the +5 quarterstaff of Famine {drain, Str+3}
 10821 | Elf:3    | Reached skill level 5 in Fighting
 10920 | Elf:3    | Found Linoibb's Book Shop.
 11089 | Swamp:1  | Entered Level 1 of the Swamp
 11109 | Swamp:1  | Identified the +4 ring mail of the Dwarven Hall {rCorr}
 11135 | Swamp:1  | Noticed Donald
 11138 | Swamp:1  | Killed Donald
 11182 | Swamp:2  | Offered knowledge of Spellforged Servitor by Vehumet.
 11224 | Swamp:1  | Reached XP level 16. HP: 68/88 MP: 25/42
 11303 | Swamp:2  | Reached skill level 15 in Conjurations
 11361 | Swamp:3  | Noticed a tentacled monstrosity
 11391 | Swamp:3  | Reached skill level 21 in Spellcasting
 11395 | Swamp:3  | Killed a tentacled monstrosity
 11466 | Swamp:4  | Entered Level 4 of the Swamp
 11515 | Swamp:4  | Identified the +8 sling of the Puffin {flame, Will+ Dex+5}
 11736 | Swamp:4  | Got a decaying rune of Zot
 11858 | Spider:1 | Entered Level 1 of the Spider Nest
 11887 | Spider:1 | Noticed Louise
 11912 | Spider:1 | Killed Louise
 11950 | Spider:1 | Mangled by a pharaoh ant

Illustrated notes

Levels and vault maps discovered:
D:1:      saegor_arrival_simple_a, layout_rooms, interstate_on_off,
          minmay_3d_cube
D:2:      layout_loops_corners, dreamdust_ecumenical_altar_grove, basic_altar,
          serial_shops, shop
D:3:      layout_basic, lightli_temple_of_fire, minmay_close_crescents,
          uniq_ijyb
D:4:      wad_river_or_something, layout_rooms,
          minmay_temple_entry_glassed_door, serial_curves, eino_curves_04,
          eino_curves_02, eino_curves_04, eino_curves_01, dk_vineyard_3
D:5:      layout_loops_corners, lemuel_crystal_altar, grunt_temple_overflow_open
D:6:      layout_basic, serial_shops,
          nicolae_shop_temple_entry_statues_fountains, kennysheep_windowed_goal,
          uniq_duvessa
D:7:      nzn_winding_woodlands_cross [nzn_winding_woodlands_5x15_sidewinder,
          nzn_winding_woodlands_5x15_pockets,
          nzn_winding_woodlands_5x15_sawtooth, nzn_winding_woodlands_5x15_eye,
          nzn_winding_woodlands_15x15_killbox], layout_cave_pools,
          nzn_wu_jian_contemplation, amcnicky_mini_rare_corridor_liquid
D:8:      minmay_evil_eye, layout_basic, fountainhead,
          minmay_guarded_unrand_staff_of_olgreb, uniq_erica
D:9:      layout_long_grid, gammafunk_temple_overflow_pools, erik_lair_dragon,
          minmay_orc_entry_temple_small
Temple:   eino_temple_lava
Lair:1:   layout_layer_cave
Lair:2:   layout_chaotic_city, swamp_mist, grunt_megastairs_5
Lair:3:   layout_hall_layers, spider_nest_entry_rubble, serial_bayou_pond_c,
          pond, uniq_gastronok
Lair:4:   layout_gridlike, infiniplex_staircase_pool
Lair:5:   layout_concentric_octagons
Lair:6:   due_jungle_book, layout_gridlike, slime_entry_1,
          gauntlet_entry_generic, uniq_snorg
Swamp:1:  layout_falls_marsh, serial_swamp_ruin, hangedman_swamp_ruin_wall,
          evilmike_swamp_ruin_rubble_2, uniq_donald
Swamp:2:  cheibrodos_swamp_heart_of_darkness, layout_basic_swamp,
          nicolae_swamp_godswood
Swamp:3:  layout_basic_swamp, nicolae_swamp_trees_clearing
Swamp:4:  swamp, layout_basic_swamp, swamp_pool2, worms_lemuel
Spider:1: layout_spider_delve, uniq_louise
Orc:1:    layout_caves
Orc:2:    kennysheep_orc_mage_school, layout_diamond_mine, uniq_saint_roka
Elf:1:    layout_onion_city, serial_shops,
          nicolae_shop_temple_entry_statues_fountains,
          kennysheep_underground_church, minmay_shop_grove
Elf:2:    nicolae_elf_blades_crystal_corner, layout_loops_ring, basic_altar,
          uniq_zenata, uniq_asterion
Elf:3:    minmay_elf_hall_hex, layout_loops_corners, serial_shops,
          nicolae_shop_hallway_stairs, ebering_ghost_gozag,
          nicolae_elf_deep_friendship

Skill      XL: |  1  2  3  4  5  6  7  8  9 10 11 12 13 14 15 16 |
---------------+-------------------------------------------------+-----
Spellcasting   | 1 2 3 4 6 7 8 11 15 16 19 20 21 | 21.9
Dodging        | 2 3 4 6 |  6.2
Fighting       | 2 3 4 5 6 |  6.0
Hexes          | 2 3 |  3.0
Ice Magic      | 2 4 5 6 10 | 10.0
Stealth        | 5 7 10 | 10.0
Short Blades   | 3 4 |  4.0
Conjurations   | 3 8 10 12 13 14 16 | 16.1
Earth Magic    | 2 4 |  4.0
Armour         | 2 3 |  3.0
Necromancy     | 3 |  3.0
Translocations | 2 |  2.0
Fire Magic     | 7 10 13 14 | 14.5
Air Magic      | 3 |  3.0
Throwing       | |  2.0

Action                   |  1- 3 |  4- 6 |  7- 9 | 10-12 | 13-15 | 16-18 || total
-------------------------+-------+-------+-------+-------+-------+-------++-------
Melee: Dagger            |    30 |    43 |   180 |   205 |   102 |     4 ||   564
       Short sword       |    84 |    76 |    18 |       |       |       ||   178
       Punch             |       |       |     3 |     1 |     1 |       ||     5
 Fire: Shortbow          |       |       |       |     3 |       |       ||     3
Throw: Dart              |    22 |     5 |       |     2 |     4 |       ||    33
 Cast: Ensorcelled Hiber |       |     4 |    58 |   110 |    46 |     2 ||   220
       Frozen Ramparts   |       |       |     3 |    22 |     9 |       ||    34
       Freeze            |       |       |       |     3 |     6 |       ||     9
       Iskenderun's Myst |       |       |       |    18 |    43 |     7 ||    68
       Hailstorm         |       |       |       |    11 |    57 |       ||    68
       Conjure Flame     |       |       |       |     1 |     2 |       ||     3
       Conjure Ball Ligh |       |       |       |       |    14 |       ||    14
       Fireball          |       |       |       |       |   112 |    47 ||   159
       Starburst         |       |       |       |       |    16 |    13 ||    29
       Sandblast         |       |       |       |       |     2 |       ||     2
       Sublimation of Bl |       |       |       |       |    18 |    28 ||    46
       Ozocubu's Refrige |       |       |       |       |    21 |    46 ||    67
Evoke: Wand              |       |       |    24 |     8 |     6 |       ||    38
       Lightning rod     |       |       |       |       |     5 |     1 ||     6
  Use: Scroll            |       |    10 |     5 |    10 |     7 |     5 ||    37
       Potion            |       |       |     1 |       |     2 |       ||     3
 Stab: Sleeping          |     8 |    13 |    38 |    67 |    30 |     3 ||   159
       Distracted        |     1 |       |     1 |       |       |       ||     2
Armor: Leather armour    |    13 |    26 |    12 |       |       |       ||    51
       Robe              |       |       |    43 |     2 |    14 |    21 ||    80
       Ring mail         |       |       |       |    96 |    54 |       ||   150
Dodge: Dodged            |    44 |    46 |    96 |   115 |    78 |    13 ||   392
Block: Other             |    15 |    18 |    46 |    23 |       |       ||   102
       Reflection        |     3 |     1 |     1 |       |       |       ||     5

Table legend: (Time is in decaauts)
 A = Elapsed time spent in this place.
 B = Non-inter-level travel time spent in this place.
 C = Inter-level travel time spent in this place.
 D = Time resting spent in this place.
 E = Time spent auto-exploring this place.
 F = Levels seen in this place.
 G = Mean time per level.
                   A        B        C        D        E       F      G
               +--------+--------+--------+--------+--------+-----+--------+
         Total |  11993 |  11294 |    699 |      6 |     27 |  27 |  444.2 |
       Dungeon |   5243 |   4793 |    450 |      0 |      0 |   9 |  582.6 |
        Temple |     30 |     30 |      0 |      0 |      0 |   1 |   30.0 |
          Lair |   2482 |   2333 |    149 |      0 |      0 |   6 |  413.7 |
         Swamp |    805 |    736 |     69 |      6 |      0 |   4 |  201.2 |
   Spider Nest |     92 |     92 |      0 |      0 |      0 |   1 |   92.0 |
  Orcish Mines |   1188 |   1158 |     30 |      0 |      0 |   2 |  594.0 |
   Elven Halls |   1704 |   1704 |      0 |      0 |      0 |   3 |  568.0 |
      Gauntlet |    444 |    444 |      0 |      0 |     27 |   1 |  444.0 |
               +--------+--------+--------+--------+--------+-----+--------+

Top non-repeatable levels by time:
   Elf:3: 1157 daAuts
   Orc:2: 901 daAuts
  Lair:6: 816 daAuts
     D:8: 804 daAuts
     D:3: 778 daAuts
     D:4: 720 daAuts
     D:5: 698 daAuts
     D:6: 685 daAuts
     D:2: 529 daAuts
  Lair:4: 511 daAuts
  Lair:2: 461 daAuts
Gauntlet: 444 daAuts
     D:7: 416 daAuts
   Elf:1: 379 daAuts
  Lair:3: 355 daAuts
